[Event "Betsys MČR v online bleskovém šachu 2021"]
[Site "Chess.com"]
[Date "2021.04.17"]
[Round "9"]
[White "fera_v"]
[Black "kalcs"]
[Result "1-0"]
[WhiteElo "2233"]
[BlackElo "2073"]
[TimeControl "180+1"]
[EndTime "10:26:12 PDT"]
[Termination "Uživatel fera_v zvítězil po vzdání soupeře"]

1. e4 e5 2. Nf3 Nc6 3. Bb5 a6 4. Bxc6 dxc6 5. O-O Bg4 6. h3 h5 7. d3 Qf6 8. Nbd2 O-O-O 9. hxg4 hxg4 10. Nh2 Qh4 11.
Qxg4+ Qxg4 12. Nxg4 f6 13. Nc4 Ne7 14. g3 c5 15. Be3 b6 16. Kg2 Nc6 17. Rh1 Rxh1 18. Rxh1 1-0

[Event "Betsys MČR v online bleskovém šachu 2021"]
[Site "Chess.com"]
[Date "2021.04.17"]
[Round "9"]
[White "LightningAttack_2000"]
[Black "JaraLinhart"]
[Result "0-1"]
[WhiteElo "1878"]
[BlackElo "1706"]
[TimeControl "180+1"]
[EndTime "10:26:15 PDT"]
[Termination "Uživatel JaraLinhart zvítězil po vzdání soupeře"]

1. e4 e5 2. Nf3 Nc6 3. Bb5 d6 4. d4 exd4 5. Nxd4 Bd7 6. Nxc6 bxc6 7. Bd3 Nf6 8. f4 d5 9. e5 Ne4 10. O-O Bc5+ 11. Kh1 Nf2+ 12. Rxf2 Bxf2 13. Qf3 Bb6 14. Nc3 Qh4 15. Be3 Bg4 0-1

[Event "Betsys MČR v online bleskovém šachu 2021"]
[Site "Chess.com"]
[Date "2021.04.17"]
[Round "9"]
[White "sachovybukowski"]
[Black "Patrik_Kohm"]
[Result "1-0"]
[WhiteElo "1958"]
[BlackElo "1397"]
[TimeControl "180+1"]
[EndTime "10:26:17 PDT"]
[Termination "Uživatel sachovybukowski zvítězil po vzdání soupeře"]

1. d4 d5 2. Bg5 Nc6 3. e3 Bd7 4. Bd3 h6 5. Bh4 Nf6 6. f4 e6 7.
Nf3 Be7 8. Nbd2 O-O 9. O-O Nb4 10. Be2 Nc6 11. c3 Nh7 12. Bxe7 Qxe7 13. Bd3 Nf6 14. Qe2 Nd8 15. Kh1 c5 16. Rg1 c4 17. Bc2 Nc6 18.
g4 b5 19. g5 hxg5 20. Nxg5 b4 21. Rg2 bxc3 22. bxc3 Rfd8 23. Rag1 g6 24. Ngf3 Nh7 25. Ng5 Nxg5 26. Rxg5 Kg7 27. Bxg6 fxg6 28. Rxg6+ Kh8 29. Qh5+ Qh7 30. Rh6 1-0

[Event "Betsys MČR v online bleskovém šachu 2021"]
[Site "Chess.com"]
[Date "2021.04.17"]
[Round "9"]
[White "YawningBagel"]
[Black "Ladislav1969"]
[Result "0-1"]
[WhiteElo "1983"]
[BlackElo "2323"]
[TimeControl "180+1"]
[EndTime "10:26:26 PDT"]
[Termination "Uživatel Ladislav1969 zvítězil po vzdání soupeře"]

1. d4 Nf6 2. c4 g6 3. Nc3 d5 4. cxd5 Nxd5 5. e4 Nxc3 6. bxc3 c5 7. Bg5 cxd4 8. cxd4 Qa5+ 9. Qd2 Qxd2+ 10. Kxd2 Bg7 11. Ke3 Nc6 12. Rd1 h6 13. Bh4 e5 14. d5 Nd4 15.
Nf3 Bg4 16. Be2 Nxe2 17. Kxe2 Rc8 18. Rc1 Kd7 19. h3 Bxf3+ 20. Kxf3 f5 21. Ke3 f4+ 0-1

[Event "Betsys MČR v online bleskovém šachu 2021"]
[Site "Chess.com"]
[Date "2021.04.17"]
[Round "9"]
[White "Bavorak15"]
[Black "Tolja1"]
[Result "0-1"]
[WhiteElo "1629"]
[BlackElo "2042"]
[TimeControl "180+1"]
[EndTime "10:26:30 PDT"]
[Termination "Uživatel Tolja1 zvítězil po vzdání soupeře"]

1. e4 c5 2. Nf3 g6 3. Nc3 Bg7 4. d4 cxd4 5. Nxd4 Nc6 6. Nxc6 Bxc3+ 7. bxc3 dxc6 8. Qf3 Be6 9. Bd3 Nf6 10. Bh6 Rg8 11.
Bg5 Nd7 12. Rd1 Qa5 13. O-O Qxg5 0-1

[Event "Betsys MČR v online bleskovém šachu 2021"]
[Site "Chess.com"]
[Date "2021.04.17"]
[Round "9"]
[White "chessbeer17"]
[Black "TheFr0zenSun"]
[Result "1/2-1/2"]
[WhiteElo "2351"]
[BlackElo "2253"]
[TimeControl "180+1"]
[EndTime "10:26:38 PDT"]
[Termination "Remíza dohodou"]

1. d4 Nf6 2. c4 g6 3. Nc3 Bg7 4. e4 d6 5. f4 O-O 6. Nf3 c5 7. dxc5 Qa5 8. Bd3 Qxc5 9. Qe2 Bg4 10. Be3 Qh5 11. O-O Nc6 12. Rac1 e5 13. h3 Bxf3 14. Qxf3 Nd4 15. Bxd4 exd4 16. Nd5 Qxf3 17. Rxf3 Nxd5 18. cxd5 Rac8 19. Rff1 Rfd8 20. Kf2 Kf8 1/2-1/2

[Event "Betsys MČR v online bleskovém šachu 2021"]
[Site "Chess.com"]
[Date "2021.04.17"]
[Round "9"]
[White "adambelaska"]
[Black "Asmodai5"]
[Result "0-1"]
[WhiteElo "1395"]
[BlackElo "1220"]
[TimeControl "180+1"]
[EndTime "10:26:44 PDT"]
[Termination "Uživatel Asmodai5 zvítězil matem"]

1. d4 d5 2. c4 e6 3. Nf3 Nf6 4.
Nc3 Bd6 5. Bg5 Bd7 6. Ne5 Bxe5 7. dxe5 Nc6 8. exf6 gxf6 9. Bh6 Qe7 10. cxd5 exd5 11. Nxd5 Qd6 12. Nc3 O-O-O 13. Qxd6 cxd6 14. Nb5 Nd4 15. Nxd6+ Kc7 16. Nxf7 Nc2+ 17. Kd1 Nxa1 18. Nxh8 Rxh8 19. Bg7 Rd8 20. Bxf6 Ba4+ 21. Kc1 Rd1# 0-1

[Event "Betsys MČR v online bleskovém šachu 2021"]
[Site "Chess.com"]
[Date "2021.04.17"]
[Round "9"]
[White "RadosC"]
[Black "Richarlito"]
[Result "1-0"]
[WhiteElo "2492"]
[BlackElo "2058"]
[TimeControl "180+1"]
[EndTime "10:26:57 PDT"]
[Termination "Uživatel RadosC zvítězil po vzdání soupeře"]

1. e4 c6 2. d4 d5 3. e5 Bf5 4. Nf3 e6 5. Be2 Ne7 6. O-O h6 7. Nbd2 g5 8. Nb3 Nd7 9. a4 Bg7 10. a5 f6 11. exf6 Nxf6 12. Nc5 Qc7 13. Ne5 Ne4 14.
Bh5+ Kf8 15. Ncd7+ Kg8 16. Bf7+ Kh7 17. f3 Nf6 18. Nc5 Rhf8 19. Bxe6 Qd6 20. Bxf5+ Nxf5 21. Qd3 1-0

[Event "Betsys MČR v online bleskovém šachu 2021"]
[Site "Chess.com"]
[Date "2021.04.17"]
[Round "9"]
[White "TerezaRodshtein"]
[Black "matykov"]
[Result "1-0"]
[WhiteElo "2178"]
[BlackElo "2005"]
[TimeControl "180+1"]
[EndTime "10:27:03 PDT"]
[Termination "Uživatel TerezaRodshtein zvítězil po vzdání soupeře"]

1. f4 Nf6 2. Nf3 g6 3. b3 Bg7 4. Bb2 O-O 5. d3 d5 6. Nbd2 c5 7. e4 dxe4 8. dxe4 Nc6 9. Bd3 Nb4 10. Bc4 b6 11. a3 Nc6 12. e5 Ng4 13. Qe2 a6 14. O-O-O b5 15. Bd3 Nh6 16. Ne4 c4 17. Bxc4 bxc4 18. Rxd8 1-0

[Event "Betsys MČR v online bleskovém šachu 2021"]
[Site "Chess.com"]
[Date "2021.04.17"]
[Round "9"]
[White "Nevimjakhrat"]
[Black "Hroch_Hippo"]
[Result "1-0"]
[WhiteElo "1456"]
[BlackElo "1095"]
[TimeControl "180+1"]
[EndTime "10:27:16 PDT"]
[Termination "Uživatel Nevimjakhrat zvítězil matem"]

1. c4 e5 2. Nc3 Bc5 3. g3 Qf6 4. Nf3 d6 5. e4 Bg4 6. Bg2 Bxf3 7. Bxf3 Nc6 8. Nd5 Qd8 9. Bg2 Nf6 10. O-O Nxd5 11.
cxd5 Nd4 12. d3 O-O 13. h3 c6 14.
dxc6 bxc6 15. Kh2 d5 16. f4 exf4 17. Bxf4 dxe4 18. dxe4 g5 19. Qg4 h6 20. Be5 Ne6 21. Rf6 Qd7 22. Rxh6 Rab8 23. Rh8# 1-0

[Event "Betsys MČR v online bleskovém šachu 2021"]
[Site "Chess.com"]
[Date "2021.04.17"]
[Round "9"]
[White "jsebesta"]
[Black "RunningPawnz88"]
[Result "1-0"]
[WhiteElo "1642"]
[BlackElo "1351"]
[TimeControl "180+1"]
[EndTime "10:27:21 PDT"]
[Termination "Uživatel jsebesta zvítězil matem"]

1. e4 d5 2. exd5 c6 3. dxc6 Nxc6 4. Nf3 Nf6 5. Be2 e6 6. O-O Be7 7. Nc3 O-O 8. d4 a6 9. Bg5 Nd5 10. Bxe7 Qxe7 11. Nxd5 exd5 12. Bd3 Bg4 13. c3 Rfe8 14. h3 Bh5 15. Re1 Qf6 16. g4 Bg6 17. Bxg6 Qxg6 18. Ne5 Nxe5 19. Rxe5 Rxe5 20. dxe5 Qe4 21. Qe1 Qc2 22. e6 f6 23. e7 Re8 24. Qe6+ Kh8 25. Qf7 Qg6 26. Qf8+ Rxf8 27. exf8=Q# 1-0

[Event "Betsys MČR v online bleskovém šachu 2021"]
[Site "Chess.com"]
[Date "2021.04.17"]
[Round "9"]
[White "masterofbuzkashi"]
[Black "ReceptiveYoyo"]
[Result "1-0"]
[WhiteElo "2230"]
[BlackElo "1368"]
[TimeControl "180+1"]
[EndTime "10:27:22 PDT"]
[Termination "Uživatel masterofbuzkashi zvítězil po vzdání soupeře"]

1. d4 d5 2. c4 e6 3. Nc3 Nf6 4.
Nf3 Bb4 5. Bg5 Nc6 6. e3 h6 7. Bxf6 Qxf6 8. a3 Bxc3+ 9. bxc3 O-O 10. Bd3 Rd8 11. O-O e5 12. cxd5 Rxd5 13. c4 Rd7 14. d5 Ne7 15. e4 c6 16. Nd2 cxd5 17. cxd5 b6 18. Qa4 Nxd5 19. exd5 Rxd5 20. Be4 Rd4 21. Qc2 Rb8 22. Qc7 Qd8 23. Qxb8 Rxd2 24. Rac1 Ba6 25. Qxd8+ Rxd8 26. Rfd1 Rxd1+ 27. Rxd1 f6 28. Rd7 1-0

[Event "Betsys MČR v online bleskovém šachu 2021"]
[Site "Chess.com"]
[Date "2021.04.17"]
[Round "9"]
[White "pohoda1966"]
[Black "TCTCGTGCTATG"]
[Result "0-1"]
[WhiteElo "1727"]
[BlackElo "1924"]
[TimeControl "180+1"]
[EndTime "10:27:53 PDT"]
[Termination "Uživatel TCTCGTGCTATG zvítězil po vzdání soupeře"]

1. e4 e5 2. Bc4 Nf6 3. d4 exd4 4. e5 d5 5. Bb5+ c6 6. exf6 cxb5 7. Qe2+ Be6 8.
Qxb5+ Nc6 9. Nf3 Bd6 10. Nxd4 O-O 11. Nxc6 bxc6 12. Qxc6 Rc8 13. Qa6 Rxc2 14. fxg7 Re8 15. O-O Bc8 16. Qd3 Qh4 17. g3 Qe4 18. Rd1 Qxd3 19.
Rxd3 Rxc1+ 20. Kg2 Ree1 21. Rxd5 Bb7 22. Nc3 Bxd5+ 23.
Nxd5 Rxa1 0-1

[Event "Betsys MČR v online bleskovém šachu 2021"]
[Site "Chess.com"]
[Date "2021.04.17"]
[Round "9"]
[White "rolkento"]
[Black "Daffac"]
[Result "1-0"]
[WhiteElo "2238"]
[BlackElo "2083"]
[TimeControl "180+1"]
[EndTime "10:28:00 PDT"]
[Termination "Uživatel rolkento zvítězil po vzdání soupeře"]

1. e4 c6 2. d4 d5 3. e5 Bf5 4.
f4 Qb6 5. Nf3 h6 6. c3 e6 7. Qb3 Ne7 8. Be3 Bg4 9. Nbd2 Nf5 10. Bf2 Nd7 11. h3 Bxf3 12. Nxf3 h5 13. Bd3 g6 14. O-O Be7 15. g4 hxg4 16. hxg4 Nh6 17.
Nh2 O-O-O 18. Kg2 g5 19. Qxb6 axb6 20. f5 c5 21. f6 Bf8 22. Kg3 Kb8 23. Nf3 Rc8 24.
Rh1 Rg8 25. Be3 cxd4 26. cxd4 Bb4 27. Rxh6 1-0

[Event "Betsys MČR v online bleskovém šachu 2021"]
[Site "Chess.com"]
[Date "2021.04.17"]
[Round "9"]
[White "keram91"]
[Black "Sorcercream"]
[Result "0-1"]
[WhiteElo "764"]
[BlackElo "1047"]
[TimeControl "180+1"]
[EndTime "10:28:05 PDT"]
[Termination "Uživatel Sorcercream zvítězil matem"]

1. d4 d5 2. Nc3 Nf6 3. f3 e6 4.
Bf4 c5 5. dxc5 Bxc5 6. Nh3 Nc6 7. Nb5 e5 8. Bxe5 Nxe5 9. c3 Bd7 10. a4 a6 11. Nd4 O-O 12. Ng5 Re8 13. f4 Nc4 14.
Qd3 Nxb2 15. Qh3 Bxh3 16. gxh3 Ne4 17. Ngf3 Nxc3 18. Rc1 Nbxa4 19. Ra1 Qf6 20. h4 Bxd4 21. Nxd4 Qxd4 22. Bh3 Rxe2+ 23. Kf1 Qf2# 0-1

[Event "Betsys MČR v online bleskovém šachu 2021"]
[Site "Chess.com"]
[Date "2021.04.17"]
[Round "9"]
[White "terezkai"]
[Black "pa9p"]
[Result "0-1"]
[WhiteElo "769"]
[BlackElo "1763"]
[TimeControl "180+1"]
[EndTime "10:28:06 PDT"]
[Termination "Uživatel pa9p zvítězil na čas"]

1. e4 d6 2. Bc4 g6 3. d4 Bg7 4. Nf3 Nf6 5. Nc3 O-O 6. O-O Nbd7 7. Bf4 c5 8. dxc5 Nxc5 9. b3 Nfxe4 10. Nxe4 Bxa1 11.
Qxa1 Nxe4 12. Re1 Nf6 13. Bh6 Re8 14. Bb5 Bd7 15. Bxd7 Qxd7 16. Ng5 Qf5 17. f3 Rac8 18. c4 Qc5+ 0-1

[Event "Betsys MČR v online bleskovém šachu 2021"]
[Site "Chess.com"]
[Date "2021.04.17"]
[Round "9"]
[White "Cimrman"]
[Black "krystofkrizek1"]
[Result "1-0"]
[WhiteElo "2339"]
[BlackElo "2137"]
[TimeControl "180+1"]
[EndTime "10:28:19 PDT"]
[Termination "Uživatel Cimrman zvítězil po vzdání soupeře"]

1. d4 Nf6 2. c4 e6 3. g3 Be7 4.
Bg2 d5 5. Nf3 O-O 6. O-O b6 7.
Qc2 Bb7 8. cxd5 Nxd5 9. a3 Nf6 10. Nc3 Nbd7 11. e4 Qc8 12. Bf4 c5 13. d5 exd5 14. exd5 Nxd5 15. Bd2 N7f6 16. Rfe1 Re8 17. Ng5 Nxc3 18.
Bxc3 Bxg2 19. Bxf6 g6 20. Bxe7 1-0

[Event "Betsys MČR v online bleskovém šachu 2021"]
[Site "Chess.com"]
[Date "2021.04.17"]
[Round "9"]
[White "Klokan64"]
[Black "NikolaKusova"]
[Result "1-0"]
[WhiteElo "1417"]
[BlackElo "1050"]
[TimeControl "180+1"]
[EndTime "10:28:20 PDT"]
[Termination "Uživatel Klokan64 zvítězil matem"]

1. d4 d5 2. Nf3 Nc6 3. Bg5 Nf6 4. e3 e6 5. c3 Bd6 6. Bd3 O-O 7. Qc2 Re8 8. Bxh7+ Nxh7 9. Bxd8 Rxd8 10. Nbd2 Re8 11. h4 f6 12. O-O-O e5 13. dxe5 fxe5 14. Ng5 Nxg5 15.
hxg5 Rf8 16. Qh7+ Kf7 17. g6+ Ke8 18. Qxg7 e4 19. Rh8 Be5 20. Qxf8+ Kd7 21. Rh7+ Ke6 22.
Qf7+ Kd6 23. g7 Be6 24. Qg6 Rg8 25. Nxe4+ Ke7 26. Rh8 Rxg7 27. Qe8# 1-0

[Event "Betsys MČR v online bleskovém šachu 2021"]
[Site "Chess.com"]
[Date "2021.04.17"]
[Round "9"]
[White "hoacin"]
[Black "HonzaVykouk"]
[Result "1-0"]
[WhiteElo "2624"]
[BlackElo "2675"]
[TimeControl "180+1"]
[EndTime "10:28:28 PDT"]
[Termination "Uživatel hoacin zvítězil po vzdání soupeře"]

1. e4 c5 2. Nf3 d6 3. d4 cxd4 4.
Nxd4 Nf6 5. Nc3 a6 6. Be3 e5 7. Nb3 Be6 8. f3 h5 9. Qd2 Nbd7 10.
Nd5 Bxd5 11. exd5 g6 12. Be2 Bg7 13. O-O O-O 14. Na5 Qc7 15. c4 Kh7 16. b4 Ng8 17. g4 f5 18. gxh5 gxh5 19. f4 exf4 20. Bd4 Be5 21.
Rxf4 Bxd4+ 22. Qxd4 Ne5 23. Kh1 Qf7 24. Bxh5 Qf6 25.
Raf1 Nh6 26. c5 Qg5 27. cxd6 Qxh5 28. Qxe5 Ng4 29. Rxg4 fxg4 30. Qxh5+ 1-0

[Event "Betsys MČR v online bleskovém šachu 2021"]
[Site "Chess.com"]
[Date "2021.04.17"]
[Round "9"]
[White "KJ327NR"]
[Black "Stalri"]
[Result "1-0"]
[WhiteElo "2344"]
[BlackElo "2203"]
[TimeControl "180+1"]
[EndTime "10:28:31 PDT"]
[Termination "Uživatel KJ327NR zvítězil po vzdání soupeře"]

1. e4 c5 2. Nf3 e6 3. g3 Nc6 4. Bg2 d5 5. exd5 exd5 6. d4 Nf6 7. O-O Be7 8. dxc5 O-O 9. Bg5 h6 10. Bxf6 Bxf6 11. c3 Bg4 12. h3 Bxf3 13. Bxf3 d4 14.
cxd4 Qxd4 15. Nc3 Qxc5 16. Ne4 Qd4 17. Nxf6+ Qxf6 18. Bxc6 Qxc6 19. Rc1 Qb6 20. b3 Rad8 21. Qc2 Qa5 22. Rfd1 a6 23. Kg2 Qd5+ 24. Rxd5 Rxd5 25.
Qe4 Rb5 26. Rc7 Ra5 27. Qxb7 Rxa2 28. Rc8 a5 29. Rxf8+ Kxf8 30. Qd7 g6 31. Qd4 Kg8 32. h4 Ra3 33. Qb2 1-0

[Event "Betsys MČR v online bleskovém šachu 2021"]
[Site "Chess.com"]
[Date "2021.04.17"]
[Round "9"]
[White "horalek"]
[Black "matycz07"]
[Result "1-0"]
[WhiteElo "1333"]
[BlackElo "1008"]
[TimeControl "180+1"]
[EndTime "10:28:31 PDT"]
[Termination "Uživatel horalek zvítězil matem"]

1. e4 e5 2. Nf3 Nc6 3. Bb5 a6 4. Ba4 Nf6 5. d3 Bc5 6. O-O O-O 7. Bg5 h6 8. Bh4 d6 9. Nc3 b5 10. Bb3 Nd4 11. Nd5 Nxb3 12. axb3 g5 13. Bg3 c6 14. Nc3 Bd4 15. Nxd4 exd4 16. Ne2 Bg4 17. f3 Bh5 18. Bf2 Qd7 19. Nxd4 c5 20. Nf5 b4 21. Ng3 Bxf3 22. Qxf3 h5 23. Qxf6 Rae8 24. Nxh5 Qf5 25. Qg7# 1-0

[Event "Betsys MČR v online bleskovém šachu 2021"]
[Site "Chess.com"]
[Date "2021.04.17"]
[Round "9"]
[White "Sunnika"]
[Black "DrStillestein"]
[Result "1-0"]
[WhiteElo "2294"]
[BlackElo "2101"]
[TimeControl "180+1"]
[EndTime "10:28:41 PDT"]
[Termination "Uživatel Sunnika zvítězil matem"]

1. d4 d5 2. c4 c6 3. Nf3 Nf6 4. Qc2 e6 5. Nbd2 Be7 6. e4 dxe4 7. Nxe4 O-O 8. Be2 Nbd7 9. O-O Nxe4 10. Qxe4 Nf6 11.
Qc2 Qc7 12. b3 b6 13. c5 Rd8 14. Bb2 Nd5 15. Rfe1 Bf6 16. Rac1 b5 17. a3 a5 18. Bd3 g6 19. Ne5 Bxe5 20. Rxe5 Ba6 21. Be4 b4 22. a4 Ra7 23. Re1 Nf6 24. Bf3 Qc8 25. h4 h5 26.
Qd2 Kg7 27. d5 cxd5 28. Rxh5 Qxc5 29. Qh6+ Kg8 30. Qh8# 1-0

[Event "Betsys MČR v online bleskovém šachu 2021"]
[Site "Chess.com"]
[Date "2021.04.17"]
[Round "9"]
[White "Bartusman"]
[Black "czlolcz"]
[Result "0-1"]
[WhiteElo "1980"]
[BlackElo "2175"]
[TimeControl "180+1"]
[EndTime "10:28:43 PDT"]
[Termination "Uživatel czlolcz zvítězil po vzdání soupeře"]

1. e4 e5 2. Nf3 Nf6 3. Nxe5 d6 4. Nxf7 Kxf7 5. d4 Be7 6. Nc3 Re8 7. Bc4+ Be6 8. Bxe6+ Kxe6 9. O-O Kf7 10. f4 Kg8 11. e5 dxe5 12. fxe5 Nd5 13. Ne4 Nc6 14. c3 Rf8 15. Qg4 Rxf1+ 16. Kxf1 Qc8 17. Qg3 Qf5+ 18. Nf2 Rf8 19. Bd2 Qc2 20. Be1 Qxb2 21. Rd1 Qb5+ 22. Kg1 Qe2 23. Rb1 Na5 24. Qh3 Ne3 0-1

[Event "Betsys MČR v online bleskovém šachu 2021"]
[Site "Chess.com"]
[Date "2021.04.17"]
[Round "9"]
[White "Klapuch05"]
[Black "Jaja15F"]
[Result "1-0"]
[WhiteElo "1563"]
[BlackElo "1138"]
[TimeControl "180+1"]
[EndTime "10:28:43 PDT"]
[Termination "Uživatel Klapuch05 zvítězil matem"]

1. e4 e5 2. Nf3 Nc6 3. d4 exd4 4. Nxd4 Nf6 5. Nxc6 dxc6 6. Qxd8+ Kxd8 7. Nc3 Bb4 8. Bd2 Bxc3 9. Bxc3 Nxe4 10. O-O-O+ Ke7 11. Re1 Bf5 12. f3 Kd6 13. fxe4 Be6 14. Bxg7 Rhg8 15. Rd1+ Ke7 16. Bc3 Bxa2 17. b3 Rad8 18. Rxd8 Rxd8 19. Kb2 Bxb3 20. cxb3 Rd1 21. Kc2 Rd7 22. Be2 Rd6 23. Bb4 c5 24. Bxc5 b6 25. Bxd6+ Kxd6 26. Rf1 Ke6 27. Rf5 f6 28. Bc4+ Ke7 29. Rh5 Kd6 30.
Rxh7 c5 31. Rf7 Ke5 32. h4 Kxe4 33. h5 Kf5 34. Rg7 Kf4 35. h6 Kf5 36. h7 Kf4 37. h8=Q Kf5 38. Qh5+ Kf4 39. Rg4+ Ke3 40. Qh3+ Kf2 41.
Qf3+ Kg1 42. Rh4 b5 43. Qf1# 1-0

[Event "Betsys MČR v online bleskovém šachu 2021"]
[Site "Chess.com"]
[Date "2021.04.17"]
[Round "9"]
[White "sajmon8"]
[Black "KatkaZ"]
[Result "1-0"]
[WhiteElo "1667"]
[BlackElo "1841"]
[TimeControl "180+1"]
[EndTime "10:28:44 PDT"]
[Termination "Uživatel sajmon8 zvítězil matem"]

1. e4 c5 2. Nf3 e6 3. d4 cxd4 4. Nxd4 a6 5. Nc3 Qc7 6. Be3 Nf6 7. f3 Bb4 8. Qd2 d5 9. O-O-O e5 10. Nf5 Bxf5 11. exf5 d4 12. Bxd4 exd4 13. Re1+ Be7 14.
Qxd4 O-O 15. g4 Nc6 16. Qf2 Bd6 17. g5 Bf4+ 18. Kb1 Bxg5 19. Rg1 h6 20. h4 Bf4 21. Qg2 Nh5 22. Qg4 g6 23. fxg6 fxg6 24. Qxg6+ Ng7 25. Bc4+ Kh8 26. Nd5 Qd6 27. Qxg7# 1-0

[Event "Betsys MČR v online bleskovém šachu 2021"]
[Site "Chess.com"]
[Date "2021.04.17"]
[Round "9"]
[White "machajda"]
[Black "martin1804"]
[Result "0-1"]
[WhiteElo "2044"]
[BlackElo "2284"]
[TimeControl "180+1"]
[EndTime "10:28:45 PDT"]
[Termination "Uživatel martin1804 zvítězil po vzdání soupeře"]

1. e4 d6 2. d4 Nf6 3. Nc3 e5 4. Be3 Ng4 5. Bc1 Be7 6. h3 exd4 7. Qxd4 Nc6 8. Bb5 Bf6 9. Bxc6+ bxc6 10. Qd3 Ne5 11.
Qg3 Ba6 12. Nge2 h5 13. O-O h4 14. Qh2 Ng6 15. Kh1 Bxc3 16. bxc3 Bxe2 17. Re1 Bc4 18. f4 O-O 19. f5 Ne5 20. Bf4 Qf6 21. Rad1 Rab8 22.
Rd4 Bxa2 23. Ra4 Rb2 24. Ra1 Rb1+ 25. Bc1 Rxa1 0-1

[Event "Betsys MČR v online bleskovém šachu 2021"]
[Site "Chess.com"]
[Date "2021.04.17"]
[Round "9"]
[White "matyson523"]
[Black "Tretrik"]
[Result "0-1"]
[WhiteElo "1805"]
[BlackElo "2072"]
[TimeControl "180+1"]
[EndTime "10:28:49 PDT"]
[Termination "Uživatel Tretrik zvítězil matem"]

1. e4 c5 2. Nf3 Nc6 3. Bb5 Qb6 4.
Nc3 e6 5. O-O Nge7 6. d3 g6 7.
Be3 Bg7 8. Qd2 Nd4 9. a4 Nxf3+ 10. gxf3 O-O 11. a5 Qc7 12. Bf4 d6 13. Rfe1 Bd7 14.
Bxd7 Qxd7 15. Kh1 Nc6 16. Nb5 e5 17. Bh6 f5 18. Bxg7 Kxg7 19. Nc3 fxe4 20. fxe4 Nd4 21. Re3 Rf7 22. Nd5 Raf8 23. Rf1 Nf3 24. Qe2 Qh3 25. Rxf3 Rxf3 26. Kg1 Qg4+ 27. Kh1 Qh4 28. d4 Rxf2 29. Rxf2 Rxf2 30. Qxf2 Qxf2 31. dxe5 Qf1# 0-1

[Event "Betsys MČR v online bleskovém šachu 2021"]
[Site "Chess.com"]
[Date "2021.04.17"]
[Round "9"]
[White "MiroslavBucek"]
[Black "polik1112"]
[Result "1-0"]
[WhiteElo "1606"]
[BlackElo "1317"]
[TimeControl "180+1"]
[EndTime "10:28:50 PDT"]
[Termination "Uživatel MiroslavBucek zvítězil matem"]

1. e4 e6 2. d4 d5 3. Nc3 Nf6 4.
Bg5 Be7 5. e5 Nfd7 6. Bxe7 Qxe7 7. f4 c5 8. Nb5 Nb6 9. Nd6+ Kd7 10. dxc5 Na4 11. Bb5+ Nc6 12. Bxa4 a6 13. Bxc6+ Kxc6 14. Qd3 Bd7 15. O-O-O Rab8 16. Nf3 Kxc5 17. Qd4+ Kc6 18.
Qc3+ Kb6 19. Nd4 Ka7 20. Qb4 Qf8 21. Rd3 f6 22. Rb3 fxe5 23. fxe5 Qf4+ 24. Kb1 Qxe5 25.
Qb6+ Ka8 26. Nxb7 Bb5 27. Nxb5 axb5 28. Qa6# 1-0

[Event "Betsys MČR v online bleskovém šachu 2021"]
[Site "Chess.com"]
[Date "2021.04.17"]
[Round "9"]
[White "TTCZ"]
[Black "Maximon2012"]
[Result "1-0"]
[WhiteElo "1455"]
[BlackElo "1070"]
[TimeControl "180+1"]
[EndTime "10:28:51 PDT"]
[Termination "Uživatel TTCZ zvítězil matem"]

1. e4 e5 2. Nc3 Bc5 3. f4 d6 4. Nf3 Bg4 5. Be2 Nc6 6. Na4 Nge7 7. Nxc5 dxc5 8. O-O O-O 9. fxe5 Bxf3 10. Bxf3 Nxe5 11. d3 N7g6 12. Be3 b6 13. Be2 Qh4 14. Rf5 Rae8 15.
Bg5 Qxg5 16. Rxg5 h6 17. Rg3 f6 18. Bh5 Kh7 19. Bxg6+ Nxg6 20. Qg4 Rf7 21. Qf5 Kg8 22.
Qxg6 Ree7 23. Qxh6 g6 24. Rxg6+ Rg7 25. Rxg7+ Rxg7 26. Qxf6 Rh7 27. Rf1 Rg7 28. Rf3 Kh8 29. Rh3+ Kg8 30. Qd8+ Kf7 31. Qxc7+ Ke8 32. Rh8+ Rg8 33. Rxg8# 1-0

[Event "Betsys MČR v online bleskovém šachu 2021"]
[Site "Chess.com"]
[Date "2021.04.17"]
[Round "9"]
[White "starypomalymuz"]
[Black "jachymcarostrelec4"]
[Result "0-1"]
[WhiteElo "1758"]
[BlackElo "1971"]
[TimeControl "180+1"]
[EndTime "10:28:53 PDT"]
[Termination "Uživatel jachymcarostrelec4 zvítězil po vzdání soupeře"]

1. e4 c5 2. Nf3 e6 3. Be2 Nc6 4. d4 cxd4 5. Nxd4 Qb6 6. Nb3 Nf6 7. Nc3 Bb4 8. Be3 Qc7 9. Bf3 Ne5 10. O-O Bxc3 11. bxc3 b6 12. Bd4 d6 13. Qe2 O-O 14.
Rfd1 a5 15. Bxe5 dxe5 16. c4 Ba6 17. Nd2 Rfc8 18. Rab1 Rab8 19. Qe3 h6 20. c5 bxc5 21. Nb3 Rb4 22. a3 Ra4 23. Nd2 Rd4 24. Nb3 Rxd1+ 25. Rxd1 c4 26. Nd2 Qc5 27. Qxc5 Rxc5 28. c3 Rc8 29.
Rb1 Rd8 30. Rb2 Kf8 31. Kf1 Ke7 32. Ke2 Rd6 33. Rb8 Nd7 34. Rc8 Bxc8 0-1

[Event "Betsys MČR v online bleskovém šachu 2021"]
[Site "Chess.com"]
[Date "2021.04.17"]
[Round "9"]
[White "Trener-Pokrocili"]
[Black "Saygram"]
[Result "1-0"]
[WhiteElo "2262"]
[BlackElo "2399"]
[TimeControl "180+1"]
[EndTime "10:28:54 PDT"]
[Termination "Uživatel Trener-Pokrocili zvítězil po vzdání soupeře"]

1. Nf3 Nf6 2. c4 e6 3. Nc3 d5 4.
d4 Be7 5. Bf4 O-O 6. e3 b6 7. cxd5 Nxd5 8. Nxd5 exd5 9. Bd3 c5 10. Ne5 c4 11. Bc2 f5 12. h3 Bb4+ 13. Kf1 Be6 14. g4 Qf6 15. Rg1 fxg4 16. Nxg4 Bxg4 17. Qxg4 Nc6 18. Qh5 h6 19. Qxd5+ Kh8 20. Qe4 Kg8 21. Qh7+ Kf7 22. Rg6 1-0

[Event "Betsys MČR v online bleskovém šachu 2021"]
[Site "Chess.com"]
[Date "2021.04.17"]
[Round "9"]
[White "Honzik1950"]
[Black "mayerrs"]
[Result "1/2-1/2"]
[WhiteElo "1512"]
[BlackElo "1845"]
[TimeControl "180+1"]
[EndTime "10:28:54 PDT"]
[Termination "Remíza opakováním pozice"]

1. e4 g6 2. d4 Bg7 3. Nf3 b6 4. Nc3 Bb7 5. Be3 d6 6. Bd3 Nd7 7. O-O Ngf6 8. Qd2 O-O 9. Bh6 Ng4 10. Bxg7 Kxg7 11. h3 Ngf6 12. Rfe1 e5 13. dxe5 Nxe5 14. Nxe5 dxe5 15. Qg5 h6 16. Qxe5 Re8 17. Qf4 Qd4 18. Qe3 Qb4 19. Rab1 Rad8 20. f3 a5 21. a3 Qe7 22. Kf2 Nd5 23. Nxd5 Bxd5 24. exd5 Qh4+ 25. g3 Qxh3 26. Qf4 Qh2+ 27. Kf1 Qh1+ 28.
Kf2 Qh2+ 29. Kf1 Qh1+ 30. Kf2 Qh2+ 1/2-1/2

[Event "Betsys MČR v online bleskovém šachu 2021"]
[Site "Chess.com"]
[Date "2021.04.17"]
[Round "9"]
[White "Krejcak"]
[Black "marecek1754"]
[Result "0-1"]
[WhiteElo "2008"]
[BlackElo "2180"]
[TimeControl "180+1"]
[EndTime "10:28:55 PDT"]
[Termination "Uživatel marecek1754 zvítězil po vzdání soupeře"]

1. e4 e5 2. Nf3 Nc6 3. Bc4 Bc5 4. c3 Nf6 5. d4 exd4 6. b4 Bb6 7. e5 d5 8. exf6 dxc4 9. fxg7 Rg8 10. Qe2+ Be6 11. Bg5 Qd5 12. Bf6 d3 13. Qd1 Qf5 14. b5 Qxb5 15. O-O Qf5 16. Bd4 Bxd4 17. cxd4 Rxg7 18. Nbd2 O-O-O 19. Qa4 Rxg2+ 20. Kxg2 Rg8+ 21. Kh1 Bd5 22. Qd1 Nxd4 23. Rg1 Rxg1+ 24. Qxg1 Bxf3+ 25. Nxf3 Qxf3+ 26. Qg2 c3 27. Kg1 Ne2+ 28. Kf1 Qxg2+ 29. Kxg2 c2 30. Kf3 d2 31. Kxe2 c1=Q 0-1